Map: jonnys 1vs1 LOTV Nuclear Winter

Players

Spieler-2

  • Race: Terran Terran
  • Spawn Location: 1:00

NinjaNight - Winner!

  • Race: Protoss Protoss
  • Spawn Location: 7:00

VOD

Have the link to the VOD?

Description

Easy way to defeat very hard terran with protoss

Time

  • Played on: March 6, 2024, 1:49 a.m.
  • Length: 11:45
Show
View Real Time Build Order
Export as new Build Order

Spieler-2 Terran 

Build Orders:  

Get SALT Encoding   

  12  0:00  SCV  
  13  0:13  SCV  
  14  0:19  Supply Depot  
  14  0:25  SCV  
  15  0:40  SCV  
  15  0:42  Barracks  
  16  0:52  SCV  
  17  1:04  SCV  
  18  1:17  SCV  
  18  1:18  Supply Depot  
  19  1:23  Refinery  
  19  1:29  Marine, SCV  
  21  1:41  SCV  
  21  1:47  Marine  
  22  1:52  Barracks  
  22  1:53  SCV  
  24  1:58  Refinery  
  24  2:04  Marine  
  24  2:05  Supply Depot  
  24  2:06  Orbital Command  
  25  2:22  Marine  
  26  2:31  SCV  
  27  2:40  Marine  
  27  2:44  SCV  
  29  2:45  Command Center  
  29  3:02  Factory  
  29  3:03  SCV  
  29  3:05  Marine  
  31  3:08  Marine  
  32  3:15  SCV  
  33  3:23  Marine  
  33  3:26  Marine  
  35  3:28  SCV  
  36  3:36  Barracks  
  36  3:40  SCV  
  37  3:42  Barracks Tech Lab  
  37  3:44  Barracks Tech Lab  
  37  3:52  SCV  
  37  3:54  Factory Tech Lab, Starport  
  38  3:57  SCV  
  39  4:04  SCV  
  39  4:07  Marine  
  39  4:09  SCV  
  42  4:10  Marine  
  42  4:14  Stimpack  
  42  4:16  SCV  
  44  4:19  Combat Shield  
  44  4:21  SCV  
  45  4:26  Supply Depot  
  45  4:28  SCV  
  46  4:33  SCV  
  46  4:38  Marine  
  47  4:39  Marine  
  47  4:40  SCV  
  47  4:42  Marine  
  51  4:45  SCV  
  51  4:52  SCV  
  53  4:53  Supply Depot  
  53  4:56  Medivac  
  53  4:58  SCV  
  56  5:04  Marauder, SCV  
  59  5:08  Marauder  
  59  5:10  Orbital Command  
  61  5:20  Supply Depot  
  61  5:26  Marauder  
  63  5:30  Marauder  
  65  5:39  Barracks Reactor, Siege Tank  
  65  5:40  Engineering Bay  
  68  5:47  Marauder  
  68  5:49  Supply Depot  
  70  5:53  Command Center  
  70  6:08  Terran Infantry Weapons Level 1, Marauder  
  72  6:11  Marauder  
  74  6:22  Siege Tank  
  77  6:27  Supply Depot  
  77  6:29  Marauder  
  79  6:33  Marauder  
  79  6:38  Concussive Shells  
  81  6:50  Marauder  
  81  6:51  Engineering Bay  
  83  6:54  Siege Tank, Supply Depot  
  86  7:16  Terran Infantry Armor Level 1  
  86  7:20  Orbital Command, Refinery  
  86  7:21  Missile Turret  
  86  7:24  Missile Turret  
  86  7:26  Siege Tank  
  86  7:29  Barracks, Starport Reactor  
  89  7:32  Marine  
  89  7:34  Marine  
  91  7:41  Refinery  
  91  7:51  Marauder  
  93  7:52  Missile Turret, Marauder  
  95  8:04  SCV x2  
  95  8:05  Medivac  
  99  8:07  Siege Tank  
  102  8:13  Missile Turret, Marauder  
  102  8:14  Marauder  
  102  8:16  Supply Depot  
  83  8:29  Command Center  
  83  8:30  Marine  
  83  8:33  Marine  
  60  8:35  Marine  
  60  8:37  Marine  
  60  8:39  Marine  
  59  8:48  Marine  
  59  8:50  Marine  
  59  8:53  Marauder  
  59  8:55  Marine  
  64  8:57  Marine  
  65  9:06  Marine  
  65  9:08  Marine  
  67  9:13  Marauder  
  67  9:14  Marauder  
  67  9:15  Marine  
  72  9:24  Marine  
  72  9:26  Marine  
  72  9:29  Siege Tank  
  77  9:34  Marauder  
  77  9:36  Marauder  
  81  9:41  SCV  
  81  9:42  SCV  
  81  9:44  SCV  
  84  9:49  SCV  
  79  9:53  SCV  
  79  9:54  SCV  
  79  9:56  Marauder  
  79  9:57  Marauder, SCV  
  86  10:01  Siege Tank, SCV  
  86  10:04  Marine  
  86  10:05  SCV  
  86  10:06  Marine  
  86  10:07  SCV  
  74  10:08  Marine  
  56  10:15  SCV  
  56  10:17  Marine  
  56  10:18  SCV  
  56  10:19  Marauder  
  52  10:22  Marine  
  52  10:26  Marine  
  30  10:46  SCV x2, Marine x2  
  14  11:01  Starport Tech Lab  
  12  11:10  SCV  
  13  11:17  Command Center  
Show
View Real Time Build Order
Export as new Build Order

NinjaNight Protoss - Winner!

Build Orders: 1 Gate Expand, Zealot Archon 

Get SALT Encoding   

  12  0:00  Probe (Chrono Boost)  
  13  0:10  Probe (Chrono Boost)  
  14  0:17  Pylon  
  14  0:21  Probe  
  15  0:35  Probe  
  16  0:37  Gateway  
  16  0:45  Assimilator  
  16  0:47  Probe  
  17  0:59  Probe  
  18  1:18  Nexus  
  18  1:24  Probe  
  19  1:32  Cybernetics Core  
  19  1:36  Probe  
  20  1:44  Pylon  
  20  1:48  Probe (Chrono Boost)  
  21  1:57  Probe (Chrono Boost)  
  22  2:02  Probe (Chrono Boost)  
  22  2:05  Gateway  
  22  2:07  Warp Gate  
  23  2:13  Sentry  
  23  2:14  Probe (Chrono Boost)  
  26  2:21  Assimilator  
  26  2:26  Probe (Chrono Boost)  
  27  2:32  Probe (Chrono Boost)  
  27  2:35  Probe (Chrono Boost)  
  29  2:39  Adept  
  29  2:40  Probe (Chrono Boost)  
  29  2:43  Probe (Chrono Boost)  
  33  2:45  Probe (Chrono Boost)  
  34  2:53  Probe  
  34  2:58  Probe  
  36  3:02  Stalker  
  36  3:05  Probe  
  39  3:09  Stalker  
  39  3:10  Probe  
  42  3:14  Robotics Facility  
  42  3:17  Probe  
  43  3:21  Pylon  
  43  3:25  Pylon  
  43  3:29  Probe (Chrono Boost)  
  43  3:31  Probe (Chrono Boost)  
  45  3:40  Probe (Chrono Boost)  
  47  3:43  Probe (Chrono Boost)  
  47  3:45  Twilight Council, Probe (Chrono Boost)  
  48  3:51  Probe  
  48  3:53  Assimilator  
  49  3:55  Probe  
  49  3:59  Sentry, Adept  
  54  4:03  Probe  
  54  4:04  Pylon  
  54  4:08  Probe  
  56  4:16  Pylon, Probe  
  57  4:20  Probe  
  57  4:23  Observer, Gateway  
  59  4:24  Gateway  
  59  4:26  Resonating Glaives  
  59  4:30  Gateway  
  59  4:34  Gateway  
  59  4:36  Gateway  
  59  4:40  Pylon  
  59  4:47  Assimilator  
  59  4:54  Forge  
  59  4:59  Adept x2  
  63  5:07  Nexus  
  63  5:11  Probe x2  
  65  5:24  Pylon  
  65  5:25  Protoss Ground Armor Level 1 (Chrono Boost)  
  65  5:28  Pylon  
  65  5:33  Probe  
  65  5:34  Probe  
  65  5:35  Forge  
  67  5:42  Dark Shrine  
  67  5:45  Sentry  
  67  5:46  Adept x3  
  67  5:49  Probe  
  76  5:50  Probe  
  77  6:00  Warp Prism  
  79  6:16  Probe x2  
  79  6:17  Protoss Ground Weapons Level 1 (Chrono Boost)  
  81  6:19  Probe, Charge (Chrono Boost)  
  82  6:31  Probe x3  
  85  6:36  Assimilator  
  85  6:42  Assimilator  
  85  6:43  Probe x3  
  88  6:47  Templar Archives  
  88  6:55  Probe x3  
  91  7:06  Protoss Ground Armor Level 2 (Chrono Boost)  
  91  7:08  Nexus, Pylon  
  91  7:09  Dark Templar x2  
  91  7:10  Dark Templar x2  
  91  7:13  Adept x2  
  91  7:15  Archon x2  
  103  7:39  Psionic Storm  
  103  7:47  Stalker x3  
  103  7:48  Stalker x4  
  117  7:52  Blink  
  117  7:55  Pylon  
  117  7:56  Pylon x2  
  117  8:13  Stalker x6  
  112  8:38  Protoss Ground Weapons Level 2 (Chrono Boost)  
  110  8:45  Gateway  
  110  8:46  Gateway  
  110  8:48  Gateway  
  110  8:50  Gateway  
  110  8:52  Pylon  
  110  8:53  Pylon  
  110  8:58  High Templar x4  
  110  9:00  Zealot x3  
  124  9:13  Protoss Ground Armor Level 3 (Chrono Boost)  
  124  9:38  High Templar  
  124  9:40  Dark Templar x3  
  124  9:42  Zealot x5  
  124  9:43  Zealot, Assimilator  
  124  9:45  Archon, Assimilator  
  144  9:53  Nexus  
  144  9:55  Pylon x2  
  144  9:59  Pylon  
  134  10:07  Zealot x3  
  134  10:08  Zealot x4  
  148  10:18  Gateway  
  148  10:19  Gateway  
  148  10:21  Gateway  
  148  10:23  Gateway  
  148  10:24  Gateway  
  148  10:27  Stalker x3  
  148  10:28  Stalker x3  
  156  11:27  Stalker x3  
  156  11:28  Stalker x7  
  156  11:29  Stalker  
  178  11:36  Stalker  
  178  11:37  Stalker x4  
Tags
 
Add a new tag
Caveats
  • Supply blocks, unpowered buildings, or Contaminate may cause inaccurate times.
  • Supply counts are checked every 10 seconds.